BSA
NEW ORLEANS LOOTERS @ HOUSTON MARSHALS
09/03/2027
 
TOP OF THE 1ST
New Orleans Looters batting - Pitching for Houston Marshals : LHP Braydon Schute
Pitching: LHP Braydon Schute
Batting: SHB Arturo Sánchez 0-0: Foul Ball, location: 2F
0-1: Ball
1-1: SINGLE (Line Drive, 4MD)
Batting: LHB Seung-chun Mun 0-0: Ball
1-0: Ball
2-0: Foul Ball, location: 2F
2-1: Foul Ball, location: 2F
2-2: Ball
3-2: Foul Ball, location: 2F
3-2: Ground out U3 (Groundball, 3L)
Arturo Sánchez to second
Batting: RHB Stephen Shaw 0-0: Called Strike
0-1: Ball
1-1: Ball
2-1: Called Strike
2-2: Fly out, F7 (Flyball, 7D)
Runner from 2nd tags up, SAFE at 3rd, no throw
Batting: SHB Oliver Deleón 0-0: Ball
1-0: Ball
2-0: Fly out, F8 (Flyball, 8LD)
Top of the 1st over - 0 run(s), 1 hit(s), 0 error(s), 1 left on base; New Orleans 0 - Houston 0
BOTTOM OF THE 1ST
Houston Marshals batting - Pitching for New Orleans Looters : RHP Edward Baker
Pitching: RHP Edward Baker
Batting: SHB Ramón Lugo 0-0: Called Strike
0-1: Ball
1-1: Called Strike
1-2: Foul Ball, location: 2F
1-2: Ball
2-2: Ball
3-2: SINGLE (Line Drive, 7S)
Batting: LHB Lewis Barr 0-0: Called Strike
0-1: Foul Ball, location: 2F
0-2: Foul Ball, location: 2F
0-2: Strikes out looking
Batting: LHB Matt Smith 0-0: SINGLE (Line Drive, 89S)
Ramón Lugo to second
Batting: SHB Juan Gómez 0-0: Called Strike
0-1: Swinging Strike
0-2: Foul Ball, location: 2F
0-2: Strikes out swinging
Batting: LHB José Rodríguez 0-0: 3-RUN HOME RUN (Flyball, 9D), Distance : 359 ft
Batting: RHB David Murray 0-0: Ball
1-0: Ball
2-0: Called Strike
2-1: Foul Ball, location: 2F
2-2: Foul Ball, location: 2F
2-2: Foul Ball, location: 2F
2-2: Ball
3-2: Strikes out swinging
Bottom of the 1st over - 3 run(s), 3 hit(s), 0 error(s), 0 left on base; New Orleans 0 - Houston 3
TOP OF THE 2ND
New Orleans Looters batting - Pitching for Houston Marshals : LHP Braydon Schute
Batting: LHB Taylor Smith 0-0: Ball
1-0: Ground out 3-1 (Groundball, 34S)
Batting: RHB Dave O'Loan 0-0: Foul Ball, location: 2F
0-1: Called Strike
0-2: Ball
1-2: Ball
2-2: Ball
3-2: Base on Balls
Batting: SHB Nate Rhodes 0-0: Swinging Strike
0-1: 2-RUN HOME RUN (Flyball, 7D), Distance : 392 ft
Batting: RHB Rubén Vázquez 0-0: Ball
1-0: Called Strike
1-1: SINGLE (Groundball, 6D)
Batting: RHB John Anderson 0-0: Reached on error, E4 (Groundball, 4)
Rubén Vázquez to second
Batting: SHB Arturo Sánchez 0-0: Ball
1-0: Called Strike
Rubén Vázquez steals 3rd base
John Anderson to second
1-1: Ground out 3-1 (Groundball, 34S)
Rubén Vázquez scores
John Anderson to third
Batting: LHB Seung-chun Mun 0-0: Ball
1-0: Called Strike
1-1: Ball
2-1: Swinging Strike
2-2: Strikes out swinging
Top of the 2nd over - 3 run(s), 2 hit(s), 1 error(s), 1 left on base; New Orleans 3 - Houston 3
BOTTOM OF THE 2ND
Houston Marshals batting - Pitching for New Orleans Looters : RHP Edward Baker
Batting: SHB Álex Rosado 0-0: Called Strike
0-1: Ball
1-1: Fly out, F4 (Flyball, 4MD)
Batting: RHB Gregg Nelson 0-0: Ball
1-0: Called Strike
1-1: SINGLE (Groundball, 56D)
Batting: LHB Kent MacDulothe 0-0: Fly out, F7 (Flyball, 78S)
Batting: SHB Ramón Lugo 0-0: Called Strike
0-1: Ball
1-1: Ball
2-1: Ball
3-1: Called Strike
3-2: SINGLE (Flyball, 89S)
Gregg Nelson to second
Gregg Nelson to third
Batting: LHB Lewis Barr 0-0: Ball
1-0: Swinging Strike
1-1: Ground out 4-3 (Groundball, 4S)
Bottom of the 2nd over - 0 run(s), 2 hit(s), 0 error(s), 2 left on base; New Orleans 3 - Houston 3
TOP OF THE 3RD
New Orleans Looters batting - Pitching for Houston Marshals : LHP Braydon Schute
Batting: RHB Stephen Shaw 0-0: Called Strike
0-1: Fly out, F8 (Flyball, 78M)
Batting: SHB Oliver Deleón 0-0: Called Strike
0-1: Fly out, F9 (Flyball, 89M)
Batting: LHB Taylor Smith 0-0: Ball
1-0: Called Strike
1-1: Swinging Strike
1-2: Foul Ball, location: 2F
1-2: Ball
2-2: Foul Ball, location: 2F
2-2: DOUBLE (Line Drive, 9D)
Batting: RHB Dave O'Loan 0-0: Ball
1-0: Ball
2-0: Ball
3-0: Called Strike
3-1: Base on Balls
Batting: SHB Nate Rhodes 0-0: Called Strike
0-1: Called Strike
0-2: Foul Ball, location: 2F
0-2: Ball
1-2: Strikes out swinging
Top of the 3rd over - 0 run(s), 1 hit(s), 0 error(s), 2 left on base; New Orleans 3 - Houston 3
BOTTOM OF THE 3RD
Houston Marshals batting - Pitching for New Orleans Looters : RHP Edward Baker
Batting: LHB Matt Smith 0-0: Called Strike
0-1: Foul Ball, location: 2F
0-2: Ball
1-2: Foul Ball, location: 2F
1-2: Foul Ball, location: 2F
1-2: Ball
2-2: Fly out, F3 (Popup, 3L)
Batting: SHB Juan Gómez 0-0: Ball
1-0: Ball
2-0: Called Strike
2-1: Fly out, F6 (Popup, 6MD)
Batting: LHB José Rodríguez 0-0: Called Strike
0-1: Ball
1-1: Ball
2-1: Ball
3-1: Base on Balls
Batting: RHB David Murray 0-0: Ball
1-0: Called Strike
1-1: Ball
2-1: Called Strike
2-2: Foul Ball, location: 2F
2-2: Strikes out swinging
Bottom of the 3rd over - 0 run(s), 0 hit(s), 0 error(s), 1 left on base; New Orleans 3 - Houston 3
TOP OF THE 4TH
New Orleans Looters batting - Pitching for Houston Marshals : LHP Braydon Schute
Batting: RHB Rubén Vázquez 0-0: Ball
1-0: Ball
2-0: Foul Ball, location: 2F
2-1: Reached on error, E5 (Groundball, 56)
Batting: RHB John Anderson 0-0: Ball
1-0: Ball
2-0: Ball
3-0: Base on Balls
Rubén Vázquez to second
Batting: SHB Arturo Sánchez 0-0: Foul Ball, location: 2F
0-1: Foul Ball, location: 2F
0-2: Ball
1-2: Fly out, F4 (Line Drive, 4MD)
Batting: LHB Seung-chun Mun 0-0: Called Strike
0-1: Ball
1-1: Called Strike
1-2: Ball
2-2: Foul Ball, location: 2F
2-2: Ball
3-2: Fly out, F8 (Flyball, 8LM)
Batting: RHB Stephen Shaw 0-0: Called Strike
0-1: Swinging Strike
0-2: Strikes out swinging
Top of the 4th over - 0 run(s), 0 hit(s), 1 error(s), 2 left on base; New Orleans 3 - Houston 3
BOTTOM OF THE 4TH
Houston Marshals batting - Pitching for New Orleans Looters : RHP Edward Baker
Batting: SHB Álex Rosado 0-0: Fly out, F9 (Flyball, 9LSF)
Batting: RHB Gregg Nelson 0-0: Called Strike
0-1: Ball
1-1: Ball
2-1: Ball
3-1: Base on Balls
Batting: LHB Kent MacDulothe 0-0: Called Strike
0-1: Ball
1-1: Ball
2-1: 2-RUN HOME RUN (Flyball, 9D), Distance : 369 ft
Batting: SHB Ramón Lugo 0-0: Called Strike
0-1: Fly out, F6 (Line Drive, 6M)
Batting: LHB Lewis Barr 0-0: Called Strike
0-1: Ball
1-1: Ball
2-1: Ball
3-1: Foul Ball, location: 2F
3-2: Foul Ball, location: 2F
3-2: Base on Balls
Batting: LHB Matt Smith 0-0: Swinging Strike
0-1: SINGLE (Groundball, 34S) (infield hit)
Lewis Barr to second
Batting: SHB Juan Gómez 0-0: Ball
1-0: Foul Ball, location: 2F
1-1: Ball
2-1: Ball
3-1: Fielders Choice at 2nd, 5-4 (Groundball, 56)
Bottom of the 4th over - 2 run(s), 2 hit(s), 0 error(s), 1 left on base; New Orleans 3 - Houston 5
TOP OF THE 5TH
New Orleans Looters batting - Pitching for Houston Marshals : LHP Braydon Schute
Pitching: RHP Vinícius Itaquy
Batting: SHB Oliver Deleón 0-0: Ball
1-0: Fly out, F8 (Flyball, 8RM)
Batting: LHB Taylor Smith 0-0: Ball
1-0: Foul Ball, location: 2F
1-1: Fly out, F9 (Line Drive, 9D)
Batting: RHB Dave O'Loan 0-0: Foul Ball, location: 2F
0-1: Ball
1-1: Ball
2-1: SINGLE (Groundball, 56D)
Batting: SHB Nate Rhodes 0-0: Ball
1-0: Swinging Strike
1-1: Ball
2-1: Fielders Choice at 2nd, 4-6 (Groundball, 34)
Top of the 5th over - 0 run(s), 1 hit(s), 0 error(s), 0 left on base; New Orleans 3 - Houston 5
BOTTOM OF THE 5TH
Houston Marshals batting - Pitching for New Orleans Looters : RHP Edward Baker
Pitching: RHP Bartolo González
Batting: LHB José Rodríguez 0-0: Called Strike
0-1: Called Strike
0-2: Ball
1-2: Ground out 6-3 (Groundball, 6)
Batting: RHB David Murray 0-0: Ball
1-0: Fly out, F9 (Flyball, 9)
Batting: SHB Álex Rosado 0-0: Called Strike
0-1: Ball
1-1: Ball
2-1: Ball
3-1: Called Strike
3-2: Fly out, F9 (Flyball, 9LS)
Bottom of the 5th over - 0 run(s), 0 hit(s), 0 error(s), 0 left on base; New Orleans 3 - Houston 5
TOP OF THE 6TH
New Orleans Looters batting - Pitching for Houston Marshals : RHP Vinícius Itaquy
Batting: RHB Rubén Vázquez 0-0: Ball
1-0: Ball
2-0: Ball
3-0: Called Strike
3-1: Foul Ball, location: 2F
3-2: Fly out, F4 (Line Drive, 4MD)
Batting: RHB John Anderson 0-0: Ball
1-0: Ball
2-0: Ball
3-0: Called Strike
3-1: Ground out 1-3 (Groundball, 13S)
Batting: SHB Arturo Sánchez 0-0: Foul Ball, location: 2F
0-1: Swinging Strike
0-2: Foul Ball, location: 2F
0-2: TRIPLE (Flyball, 78XD)
Batting: LHB Seung-chun Mun 0-0: Ball
1-0: Called Strike
1-1: Ball
2-1: Ball
3-1: Swinging Strike
3-2: Base on Balls
Batting: RHB Stephen Shaw 0-0: Called Strike
0-1: Swinging Strike
0-2: Ball
1-2: Foul Ball, location: 2F
1-2: Ball
2-2: Ball
3-2: Foul Ball, location: 2F
3-2: Foul Ball, location: 2F
3-2: Foul Ball, location: 2F
3-2: Strikes out swinging
Top of the 6th over - 0 run(s), 1 hit(s), 0 error(s), 2 left on base; New Orleans 3 - Houston 5
BOTTOM OF THE 6TH
Houston Marshals batting - Pitching for New Orleans Looters : RHP Bartolo González
Batting: RHB Gregg Nelson 0-0: Ball
1-0: Ball
2-0: Called Strike
2-1: Ball
3-1: Ground out 1-3 (Groundball, 13S)
Batting: LHB Kent MacDulothe 0-0: Called Strike
0-1: Ball
1-1: Ball
2-1: Foul Ball, location: 2F
2-2: Strikes out swinging
Batting: SHB Ramón Lugo 0-0: Ball
1-0: Fly out, F9 (Line Drive, 89M)
Bottom of the 6th over - 0 run(s), 0 hit(s), 0 error(s), 0 left on base; New Orleans 3 - Houston 5
TOP OF THE 7TH
New Orleans Looters batting - Pitching for Houston Marshals : RHP Vinícius Itaquy
Batting: SHB Oliver Deleón 0-0: Called Strike
0-1: Ball
1-1: Ball
2-1: Ball
3-1: SOLO HOME RUN (Flyball, 9LD), Distance : 341 ft
Pitching: RHP Pablo Cabral
Batting: LHB Taylor Smith 0-0: Swinging Strike
0-1: Called Strike
0-2: SINGLE (Flyball, 7LS)
Batting: RHB Dave O'Loan 0-0: Sac Bunt - play at first, batter OUT! 1-4
Taylor Smith to second
Batting: SHB Nate Rhodes 0-0: Ball
1-0: DOUBLE (Flyball, 7LM)
Taylor Smith scores
Pinch Hitting: LHB Francisco Vega 0-0: Intentional Walk
Batting: RHB John Anderson 0-0: Foul Ball, location: 2F
0-1: Ball
1-1: SINGLE (Groundball, 56D)
Nate Rhodes to third
Francisco Vega to second
Batting: SHB Arturo Sánchez 0-0: Ball
1-0: Ball
2-0: Reached on error, E5 (Groundball, 25)
Nate Rhodes scores
Francisco Vega to third
John Anderson to second
Pitching: RHP Dave Rhodes
Batting: LHB Seung-chun Mun 0-0: Ball
1-0: Fly out, F8 (Flyball, 8LM)
Runner from 3rd tags up, SCORES, no throw
Batting: RHB Stephen Shaw 0-0: Ball
1-0: Foul Ball, location: 2F
1-1: Ball
2-1: Ground out 6-3 (Groundball, 6MS)
Top of the 7th over - 4 run(s), 4 hit(s), 1 error(s), 2 left on base; New Orleans 7 - Houston 5
BOTTOM OF THE 7TH
Houston Marshals batting - Pitching for New Orleans Looters : RHP Bartolo González
Now in CF: Francisco Vega
Batting: LHB Lewis Barr 0-0: Called Strike
0-1: Ball
1-1: SOLO HOME RUN (Line Drive, 89XD), Distance : 389 ft
Pitching: LHP Tadao Yoshida
Batting: LHB Matt Smith 0-0: Foul Ball, location: 2F
0-1: Called Strike
0-2: Ball
1-2: Strikes out swinging
Batting: SHB Juan Gómez 0-0: Called Strike
0-1: Swinging Strike
0-2: Ball
1-2: Strikes out swinging
Pitching: RHP Ienobu Sato
Batting: LHB José Rodríguez 0-0: Ball
1-0: Fly out, F7 (Flyball, 7LS)
Bottom of the 7th over - 1 run(s), 1 hit(s), 0 error(s), 0 left on base; New Orleans 7 - Houston 6
TOP OF THE 8TH
New Orleans Looters batting - Pitching for Houston Marshals : RHP Dave Rhodes
Batting: SHB Oliver Deleón 0-0: Called Strike
0-1: Ball
1-1: Foul Ball, location: 2F
1-2: Strikes out looking
Batting: LHB Taylor Smith 0-0: Fly out, F7 (Flyball, 7)
Batting: RHB Dave O'Loan 0-0: Called Strike
0-1: Ball
1-1: Fly out, F8 (Line Drive, 8RM)
Top of the 8th over - 0 run(s), 0 hit(s), 0 error(s), 0 left on base; New Orleans 7 - Houston 6
BOTTOM OF THE 8TH
Houston Marshals batting - Pitching for New Orleans Looters : RHP Ienobu Sato
Batting: RHB David Murray 0-0: Ball
1-0: Called Strike
1-1: Fly out, F9 (Flyball, 9LS)
Batting: SHB Álex Rosado 0-0: Ball
1-0: Called Strike
1-1: Fly out, F6 (Popup, 6)
Batting: RHB Gregg Nelson 0-0: Ball
1-0: Foul Ball, location: 2F
1-1: DOUBLE (Flyball, 8RM)
Batting: LHB Kent MacDulothe 0-0: Called Strike
0-1: Foul Ball, location: 2F
0-2: Strikes out swinging
Bottom of the 8th over - 0 run(s), 1 hit(s), 0 error(s), 1 left on base; New Orleans 7 - Houston 6
TOP OF THE 9TH
New Orleans Looters batting - Pitching for Houston Marshals : RHP Dave Rhodes
Pitching: RHP Edward Cadle
Batting: SHB Nate Rhodes 0-0: Fly out, F4 (Popup, 4MD)
Batting: LHB Francisco Vega 0-0: Swinging Strike
0-1: Ball
1-1: Ball
2-1: Fly out, F8 (Flyball, 8LS)
Batting: RHB John Anderson 0-0: Called Strike
0-1: Foul Ball, location: 2F
0-2: Ball
1-2: Ball
2-2: Foul Ball, location: 2F
2-2: Foul Ball, location: 2F
2-2: Foul Ball, location: 2F
2-2: Strikes out looking
Top of the 9th over - 0 run(s), 0 hit(s), 0 error(s), 0 left on base; New Orleans 7 - Houston 6
BOTTOM OF THE 9TH
Houston Marshals batting - Pitching for New Orleans Looters : RHP Ienobu Sato
Pitching: LHP Juan Méndez
Batting: SHB Ramón Lugo 0-0: Called Strike
0-1: Foul Ball, location: 2F
0-2: Ball
1-2: Strikes out looking
Batting: LHB Lewis Barr 0-0: Ball
1-0: Swinging Strike
1-1: Ground out 6-3 (Groundball, 6D)
Pinch Hitting: RHB Chris Parker 0-0: Ball
1-0: Called Strike
1-1: Called Strike
1-2: Foul Ball, location: 2F
1-2: Strikes out looking
Bottom of the 9th over - 0 run(s), 0 hit(s), 0 error(s), 0 left on base; New Orleans 7 - Houston 6
Thursday, March 30th, 2017 - OOTP Baseball 17.12 Build 75